 Dungeon Crawl Stone Soup version 0.30.0-29-ga12c61a403 (webtiles) character file.

Game seed: 14718689408907600226

583 Peloso the Covered (level 7, -5/61 HPs)
             Began as a Minotaur Fighter on June 15, 2023.
             Slain by an ogre
             ... wielding a +0 giant club
              (24 damage)
             ... on level 5 of the Dungeon.
             The game lasted 00:05:38 (3395 turns).

Peloso the Covered (Minotaur Fighter)               Turns: 3395, Time: 00:05:39

Health: -5/61      AC:  7    Str: 21    XL:     7   Next: 14%
Magic:  6/6        EV: 10    Int:  5    God:
Gold:   133        SH:  5    Dex: 11    Spells: 6/6 levels left

rFire   . . .        a - +2 falchion of Ukea {drain, rElec rCorr SInv Stlth-}
rCold   . . .        c - +0 buckler
rNeg    . . .        y - +0 scale mail
rPois   .            (helmet restricted)
rElec   +            (no cloak)
rCorr   +            (no gloves)
SInv    +            (no boots)
Will    .....        u - amulet of the acrobat Stlth
                     (no ring)
HPRegen 0.30/turn    (no ring)
MPRegen 0.10/turn

%: acrobat
@: no status effects
A: horns 2, retaliatory headbutt
a: no special abilities


You were on level 5 of the Dungeon.
You visited 1 branch of the dungeon, and saw 5 of its levels.

You collected 213 gold pieces.
You spent 80 gold pieces at shops.

Inventory:

Hand Weapons
 a - the +2 falchion of Ukea (weapon) {drain, rElec rCorr SInv Stlth-}
   (You found it on level 4 of the Dungeon)

   rElec:     It insulates you from electricity.
   SInv:      It lets you see invisible.
   rCorr:     It protects you from acid and corrosion.
   Stlth:     It makes you less stealthy.
 b - a +0 long sword of draining
Missiles
 p - a throwing net (quivered)
Armour
 c - a +0 buckler (worn)
 y - a +0 scale mail (worn)
Jewellery
 u - an amulet of the acrobat (around neck)
Wands
 n - a wand of polymorph (23)
 s - a wand of paralysis (15)
 x - a wand of roots (9)
Scrolls
 g - 2 scrolls of identify
 i - a scroll of fog
 j - a scroll of summoning {unknown}
 l - a scroll of blinking {unknown}
 q - a scroll of silence {unknown}
 r - a scroll of enchant armour {unknown}
 v - 2 scrolls of teleportation
 z - a scroll of amnesia
Potions
 d - a potion of might
 e - 4 potions of curing
 f - a potion of brilliance
 h - a potion of invisibility
 k - a potion of lignification {unknown}
 m - a potion of resistance
 o - 3 potions of heal wounds {unknown}
 t - a potion of mutation
 w - a potion of attraction {unknown}


   Skills:
 + Level 5.5 Fighting
 + Level 5.8 Long Blades
 + Level 6.1 Armour
 + Level 1.4 Dodging
 + Level 4.6 Shields
 + Level 0.9 Unarmed Combat


You had 6 spell levels left.
You didn't know any spells.
Your spell library contained the following spells:

 Spells                   Type           Power      Damage    Failure   Level
 Slow                     Hex            0%         N/A       86%         1
 Scorch                   Fire           0%         2d5       94%         2
 Confusing Touch          Hex            0%         N/A       99%         3
 Vampiric Draining        Necr           0%         2d6       99%         3
 Flame Wave               Conj/Fire      0%         2d4       100%        4
 Summon Cactus Giant      Summ           0%         N/A       100%        6


Dungeon Overview and Level Annotations

Branches:
Dungeon (5/15)
 Temple: D:4-7

Altars:
Ashenzari
Kikubaaqudgha
Nemelex Xobeh

Shops:
D:4 !


Innate Abilities, Weirdness & Mutations

You have a pair of horns on your head.
You reflexively headbutt those who attack you in melee.


Message History

The water moccasin is almost dead.
The water moccasin misses you. You furiously retaliate!
You headbutt the water moccasin.
The orc priest hits you but does no damage.
The water moccasin bites you but does no damage.
You barely miss the water moccasin.
The water moccasin is almost dead.
The water moccasin bites you but does no damage.
The orc priest hits you with a +0 club.
Unknown command.
You slash the water moccasin!
You kill the water moccasin!
The orc priest barely misses you.
Your Armour skill increases to level 6!
You have reached level 7!
You hit the orc priest but do no damage.
You headbutt the orc priest.
The orc priest is heavily wounded.
The orc barely misses you. You furiously retaliate!
You headbutt the orc. You block the orc priest's attack.
Unknown command.
You slash the orc priest! You drain the orc priest.
You kill the orc priest!
Unknown command.
You hit the orc. You drain the orc.
You kill the orc!
You slash the ogre!
The ogre is moderately wounded.
The ogre barely misses you.
You barely miss the ogre. Your headbutt misses the ogre.
The ogre is moderately wounded.
The ogre hits you with a +0 giant club!!
You barely miss the ogre. You headbutt the ogre!
The ogre is heavily wounded.
The orc wizard hits you with a +0 dagger.
You slash the ogre!
The ogre is almost dead.
The orc wizard hits you with a +0 dagger.
The ogre hits you with a +0 giant club!!
You die...

.....##...######..#...
.........#........##..
.........#.....†...#..
.....#...#............
....?.........>...##.
####.................
. #..............##.
#.#...#......#.#....
#.#@####.........##. .
#.oO###......#.#.##.
... ###o....#.##.....
#. .....#.........#
##.# ...........##...
...........# .#.
###............
...............
..........##....


You could see an ogre, an orc wizard (invisible) and an orc.

Vanquished Creatures
  A water moccasin (D:5)
  A scorpion (D:4)
  A hound (D:3)
  An orc priest (D:5)
  Natasha (thrice) (D:2)
  2 iguanas (D:4)
  Ijyb (D:3)
  7 gnolls
  5 adders
  An ufetubus (D:5)
  2 worms
  3 dart slugs
  3 orcs
  4 ball pythons
  8 endoplasms
  2 giant cockroaches (D:3)
  4 goblins
  3 hobgoblins
  11 jackals
  7 kobolds
  5 quokkas
  4 frilled lizards
  5 rats
84 creatures vanquished.

Notes
Turn   | Place    | Note
-------+----------+-------------------------------------------
     0 | D:1      | Peloso the Minotaur Fighter began the quest for the Orb.
     0 | D:1      | Reached XP level 1. HP: 19/19 MP: 0/0
   163 | D:1      | Reached XP level 2. HP: 26/27 MP: 1/1
   334 | D:1      | Reached skill level 4 in Armour
   407 | D:1      | Reached XP level 3. HP: 34/34 MP: 2/2
   721 | D:2      | Noticed Natasha
   727 | D:2      | Killed Natasha
   728 | D:2      | Reached XP level 4. HP: 37/41 MP: 3/3
   866 | D:2      | Noticed Natasha
   872 | D:2      | Killed Natasha
  1094 | D:2      | Noticed Natasha
  1109 | D:2      | Killed Natasha
  1110 | D:2      | Reached XP level 5. HP: 18/47 MP: 4/4
  1287 | D:3      | Identified the +1 leather armour of the Volcano {Will+
                  | rCorr}
  1361 | D:3      | Noticed Ijyb
  1425 | D:3      | Killed Ijyb
  1797 | D:3      | Found a faded altar of an unknown god.
  2183 | D:3      | Reached skill level 5 in Fighting
  2241 | D:3      | Reached skill level 5 in Armour
  2246 | D:3      | Reached skill level 5 in Long Blades
  2412 | D:4      | Found an ancient bone altar of Kikubaaqudgha.
  2469 | D:4      | Reached skill level 1 in Dodging
  2469 | D:4      | Reached XP level 6. HP: 54/56 MP: 5/5
  2543 | D:4      | Found Culeph's Distillery.
  2548 | D:4      | Bought a potion of mutation for 80 gold pieces
  2962 | D:4      | Found a sparkling altar of Nemelex Xobeh.
  2997 | D:4      | Identified the +2 falchion of Ukea {drain, rElec rCorr SInv
                  | Stlth-}
  3296 | D:4      | Found a broken altar of Ashenzari.
  3335 | D:5      | Entered Level 5 of the Dungeon
  3374 | D:5      | Noticed a water moccasin
  3388 | D:5      | Killed a water moccasin
  3389 | D:5      | Reached skill level 6 in Armour
  3389 | D:5      | Reached XP level 7. HP: 40/61 MP: 6/6
  3395 | D:5      | Slain by an ogre

Illustrated notes

Levels and vault maps discovered:
D:1:      saegor_arrival_under_anarchy, layout_rooms, minmay_misc_feat_chi
D:2:      minmay_diamond_boxcup, layout_rooms, uniq_natasha
D:3:      layout_loops_ring, shapermc_ecumenical_altar_flowoftime, uniq_ijyb
D:4:      layout_loops_corners, ashenzari_altar_1, lemuel_doored_altar,
          lemuel_crystal_altar, serial_shops, shop
D:5:      layout_rooms, nicolae_overflow_hallway_of_the_gods,
          trog_three_pillars_becter, serial_co_window_serial,
          co_window_corner_a, co_window_corner_a, co_window_paths_a,
          co_window_paths_b, co_window_of_opportunity_a, co_window_paths_c,
          co_window_paths_c, co_window_broadway_c, co_window_broadway_b,
          glass_columns_a, grunt_ministairs_12, hangedman_decor_opposing,
          minmay_statues_item, minmay_holes, moated_statue

Skill      XL: |  1  2  3  4  5  6 |
---------------+-------------------+-----
Fighting       | 4 5 |  5.5
Armour         | 4 5 6 |  6.1
Long Blades    | 3 4 5 |  5.8
Shields        | 4 |  4.6
Dodging        | 1 |  1.4
Unarmed Combat | |  0.9

Action                     |  1- 3 |  4- 6 |  7- 9 || total
---------------------------+-------+-------+-------++-------
  Melee: Long sword        |    55 |   103 |       ||   158
         Headbutt          |     7 |    21 |     2 ||    30
         Unarmed           |       |    20 |       ||    20
         Falchion          |       |    24 |     7 ||    31
    Use: Scroll            |     3 |     4 |       ||     7
         Potion            |     1 |       |       ||     1
 Armour: Scale mail        |    29 |    47 |       ||    76
         Skin              |       |     6 |       ||     6
  Dodge: Dodged            |    31 |    67 |     2 ||   100
  Block: Buckler           |    19 |    26 |     1 ||    46
